[Event "Team 45 45 League T65"]
[Site "Internet Chess Club"]
[Date "2015.07.03"]
[Round "5"]
[White "tryanything"]
[Black "zap2"]
[Result "0-1"]
[WhiteElo "1600"]
[BlackElo "1749"]
[Opening "Pirc defense"]
[ECO "B07"]
[Time "05:18:32"]
[TimeControl "2700+45"]

1. e4 d6 2. d4 Nf6 3. Nc3 e5 4. dxe5 dxe5 5. Qxd8+ Kxd8 6. f3 Be6 7. Bd2 c6 8.
Bd3 Nbd7 9. O-O-O b5 10. Be3 Kc7 11. f4 Ng4 12. Re1 Nxe3 13. Rxe3 exf4 14. Re1
Ne5 15. Nf3 f6 16. Nxe5 fxe5 17. Be2 Bc5 18. Bf3 a5 19. Kb1 Rhd8 20. Rd1 Be3 21.
Rxd8 Rxd8 22. Rd1 Rxd1+ 23. Nxd1 Bg1 24. h3 Bd4 25. b3 b4 26. Nb2 Bxb2 27. Kxb2
Kd6 28. c3 Bc8 29. c4 Kc5 30. Kc2 Kd4 31. Kd2 Be6 32. Be2 g5 33. Bf3 Bf7 34. Be2
Bg6 35. Bf3 c5 36. Kc2 Bxe4+ 37. Bxe4 Kxe4 {White resigns} 0-1

[Event "Team 45 45 League T65"]
[Site "Internet Chess Club"]
[Date "2015.07.04"]
[Round "5"]
[White "BJJ"]
[Black "lilith"]
[Result "0-1"]
[WhiteElo "1452"]
[BlackElo "1564"]
[Opening "Scotch: Göring gambit"]
[ECO "C21"]
[Time "17:12:16"]
[TimeControl "2700+45"]

1. e4 e5 2. d4 exd4 3. c3 Nc6 4. Nf3 Bc5 5. Bc4 Nge7 6. b4 Bb6 7. Bg5 dxc3 8.
Nxc3 Nxb4 9. Bxf7+ Kxf7 10. Qb3+ Ke8 11. Qxb4 h6 12. Bh4 g5 13. Bg3 d6 14. O-O
Bd7 15. Qb2 Rf8 16. Rad1 Bc6 17. Nd5 Nxd5 18. exd5 Bd7 19. Rfe1+ Kf7 20. Qb1 Qf6
21. h4 g4 22. Nh2 Kg7 23. Qa1 Qxa1 24. Rxa1 Rf7 25. Re4 h5 26. Rf4 Rxf4 27. Bxf4
Re8 28. Nf1 Re2 29. Be3 Bxe3 30. Nxe3 g3 31. Ng4 Bxg4 32. fxg3 Rd2 33. Re1 Kf7
34. Rc1 Rxd5 35. Rxc7+ Ke6 36. Rxb7 Ra5 37. Rb2 Ra3 38. Kf2 Ke5 39. Rd2 d5 40.
Rc2 d4 41. Rc5+ Ke4 42. Rc2 Kd3 43. Rc1 Rxa2+ 44. Kg1 Ke3 45. Kh2 d3 46. Ra1
Rxg2+ 47. Kxg2 d2 48. Ra3+ Ke2 49. Ra2 Ke1 50. Rxa7 d1=Q 51. Re7+ Be2 52. Kh2
Qd4 53. Kh1 Qf6 54. Re3 Qf1+ 55. Kh2 Qf2+ 56. Kh1 Qxe3 57. Kh2 Qf2+ 58. Kh1 Bf3#
{White checkmated} 0-1

[Event "Team 45 45 League T65"]
[Site "Internet Chess Club"]
[Date "2015.07.05"]
[Round "5"]
[White "ShadowKing"]
[Black "KidRattler"]
[Result "0-1"]
[WhiteElo "1435"]
[BlackElo "1653"]
[Opening "Scandinavian (center counter) defense"]
[ECO "B01"]
[Time "19:02:40"]
[TimeControl "2700+45"]

1. e4 d5 2. exd5 Qxd5 3. Nc3 Qa5 4. d4 Nf6 5. Bd2 Bf5 6. Nf3 c6 7. Bc4 e6 8. O-O
Qc7 9. g3 Bd6 10. Re1 Nbd7 11. Bg5 O-O 12. Bd3 Bxd3 13. Qxd3 h6 14. Bxf6 Nxf6
15. Ne4 Nd5 16. Nxd6 Qxd6 17. a3 Rac8 18. c4 Nf6 19. Rad1 Rfd8 20. Ne5 Nd7 21.
Qe3 Nxe5 22. Qxe5 Qxe5 23. Rxe5 Kf8 24. Re3 Rd7 25. Kg2 Rcd8 26. Red3 e5 27. d5
Ke7 28. Kf3 f5 29. Ke3 g5 30. f4 Kf6 31. b4 exf4+ 32. gxf4 Re8+ 33. Kf3 g4+ 34.
Kg3 cxd5 35. Rxd5 Re3+ 36. Kh4 Rh3# {White checkmated} 0-1

[Event "Team 45 45 League T65"]
[Site "Internet Chess Club"]
[Date "2015.07.05"]
[Round "5"]
[White "Just-Jim"]
[Black "Fogbound"]
[Result "1-0"]
[WhiteElo "1308"]
[BlackElo "1294"]
[Opening "Caro-Kann: advance variation"]
[ECO "B12"]
[Time "13:00:31"]
[TimeControl "2700+45"]

1. e4 c6 2. d4 d5 3. e5 e6 4. f4 Nh6 5. Nf3 Nf5 6. Bd3 Be7 7. O-O b6 8. Bxf5
exf5 9. Nbd2 Na6 10. c4 Nb4 11. cxd5 cxd5 12. a3 Nd3 13. Nb1 Ba6 14. Qa4+ Qd7
15. Qxa6 b5 16. Nc3 O-O 17. Nxb5 Rfc8 18. Nd6 Rxc1 19. Qxd3 Rxf1+ 20. Rxf1 Rb8
21. Qc2 Bxd6 22. exd6 f6 23. Qc5 h6 24. Qxd5+ Kh8 25. Nh4 Rb5 26. Qa8+ Kh7 27.
Qf8 Rd5 28. Re1 Rxd4 29. Re7 Rd1+ 30. Kf2 Rd2+ 31. Ke1 Rd1+ 32. Kxd1 Qxd6+ 33.
Ke2 Qa6+ 34. Kf3 Qf1+ 35. Kg3 Qd3+ 36. Nf3 {Black resigns} 1-0

[Event "Team 45 45 League T65"]
[Site "Internet Chess Club"]
[Date "2015.07.04"]
[Round "5"]
[White "houseofcook"]
[Black "Chess4Him"]
[Result "0-1"]
[WhiteElo "1398"]
[BlackElo "1553"]
[Opening "Robatsch (modern) defense"]
[ECO "B06"]
[Time "10:00:33"]
[TimeControl "2700+45"]

1. e4 g6 2. d4 Bg7 3. Nc3 d6 4. Be3 a6 5. Nf3 b5 6. Qd2 Bb7 7. Bd3 h6 8. a4 b4
9. Ne2 a5 10. c3 bxc3 11. bxc3 Nf6 12. Ng3 Nbd7 13. O-O Ng4 14. Rfb1 Qc8 15. h3
Nxe3 16. fxe3 c5 17. Ra3 O-O 18. c4 Qc7 19. Rab3 Bc6 20. Qa2 Rab8 21. d5 Bb7 22.
Ne2 Ba6 23. Nc3 Rxb3 24. Rxb3 Bxc3 25. Rxc3 Rb8 26. Rb3 Nb6 27. Qb2 Rb7 28. Qb1
Nxa4 29. Rxb7 Qxb7 30. Qxb7 Bxb7 31. Bc2 Nb2 32. Bb3 a4 33. Ba2 Ba6 34. Nd2 Kg7
35. Kf1 Kf6 36. Ke2 a3 37. Kf3 Ke5 38. g3 h5 39. Ke2 Kf6 40. Bb3 g5 41. Ba2 e5
42. Bb3 Ke7 43. Ba2 f6 44. Bb3 Kd7 45. Ba2 g4 46. h4 Kc7 47. Bb3 Kb6 48. Ba2 Ka5
49. Nb3+ Kb6 50. Nd2 Ka5 51. Nb3+ Kb4 52. Nd2 Nxc4 53. Nb1 Nb2+ 54. Kd2 Bc4 55.
Nc3 Bxa2 56. Nxa2+ Kc4 57. Kc2 Nd3 58. Nc1 Nxc1 59. Kxc1 Kd3 60. Kb1 Kxe3 61.
Ka2 Kxe4 62. Kxa3 Kd3 {White resigns} 0-1

[Event "Team 45 45 League T65"]
[Site "Internet Chess Club"]
[Date "2015.07.02"]
[Round "5"]
[White "Ostap-Bender"]
[Black "Gilguli"]
[Result "1/2-1/2"]
[WhiteElo "1428"]
[BlackElo "1404"]
[Opening "QGD: Albin counter-gambit"]
[ECO "D08"]
[Time "16:00:37"]
[TimeControl "2700+45"]

1. d4 d5 2. c4 e5 3. dxe5 d4 4. Nf3 Nc6 5. e4 Bg4 6. Nbd2 Nxe5 7. h3 Nxf3+ 8.
Nxf3 Bb4+ 9. Bd2 Bxd2+ 10. Qxd2 Bxf3 11. gxf3 Qf6 12. Bg2 O-O-O 13. O-O-O Ne7
14. f4 Qa6 15. Kb1 Qxc4 16. Rc1 Qb5 17. Bf1 Qb6 18. Rg1 g6 19. Rg5 a6 20. Rgc5
Nc6 21. Bc4 f6 22. Bd5 Rd6 23. Bxc6 bxc6 24. Qc2 Kd7 25. Qc4 Re8 26. f3 Rde6 27.
Qxd4+ Rd6 28. Qc3 Rb8 29. Qc2 a5 30. Rc3 Qa6 31. Rb3 Rxb3 32. Qxb3 Qd3+ 33. Qxd3
Rxd3 34. Rc3 Rd1+ 35. Kc2 Rh1 36. Rd3+ Ke7 37. Rc3 Rh2+ 38. Kb3 Rxh3 39. Rxc6
Rxf3+ 40. Ka4 h5 41. Rxc7+ Kd6 42. Rg7 Rxf4 43. Rxg6 Rxe4+ 44. Kxa5 Ke6 45. b4
Re5+ 46. Ka6 Kf5 47. Rg1 Re2 48. a4 Re4 49. Ka5 h4 50. b5 h3 51. b6 h2 52. Rf1+
Kg4 53. b7 Re8 54. Kb6 Kg3 55. Ka7 Kg2 56. Rb1 f5 57. b8=Q Rxb8 58. Kxb8 h1=Q
59. Rxh1 Kxh1 60. a5 f4 61. a6 f3 62. a7 f2 63. a8=Q+ Kg1 64. Qa7 Kg2 65. Qa2
Kh1 66. Qe2 Kg1 67. Qe3 Kh1 68. Qf3+ Kg1 69. Qg3+ Kh1 {Game drawn by mutual
agreement} 1/2-1/2

[Event "Team 45 45 League T65"]
[Site "Internet Chess Club"]
[Date "2015.07.05"]
[Round "5"]
[White "guyd52"]
[Black "stantheman59"]
[Result "0-1"]
[WhiteElo "1316"]
[BlackElo "1262"]
[Opening "Réti: King's Indian attack (Barcza system)"]
[ECO "A07"]
[Time "19:03:56"]
[TimeControl "2700+45"]

1. Nf3 d5 2. g3 Nf6 3. Bg2 g6 4. d3 Bg7 5. Nbd2 O-O 6. O-O c6 7. e4 Be6 8. e5
Nfd7 9. d4 c5 10. c3 Bg4 11. Re1 Nc6 12. Qc2 Bf5 13. Qd1 Bg4 14. h3 Be6 15. Ng5
cxd4 16. Nxe6 fxe6 17. c4 dxc4 18. Nxc4 Qc7 19. Bf4 Ndxe5 20. Bxc6 Qxc6 21. Nxe5
Qd5 22. Qd2 Rf5 23. Ng4 Rh5 24. h4 Rf8 25. Re2 e5 26. Bg5 Bf6 27. Bh6 Rd8 28.
Qd3 Bxh4 29. gxh4 Rxh4 30. f3 Rd6 31. Rxe5 Rxg4+ 32. fxg4 Qxe5 33. Qc4+ Qe6 34.
Qxe6+ Rxe6 35. Rf1 Rf6 36. Re1 Kf7 37. Bg5 Re6 38. Rf1+ Ke8 39. Rf2 Re4 40. Rg2
h5 41. gxh5 gxh5 42. Bxe7 Rxe7 43. Rg5 Re2 44. Rxh5 Rxb2 45. a4 d3 46. Rd5 d2
47. Kf2 d1=Q+ 48. Ke3 Qxd5 49. Kf4 Rb4+ 50. Ke3 Qd4+ 51. Ke2 Rb3 52. a5 Re3+ 53.
Kf2 Qd2+ 54. Kf1 Re1# {White checkmated} 0-1

[Event "Team 45 45 League T65"]
[Site "Internet Chess Club"]
[Date "2015.07.02"]
[Round "5"]
[White "MikeTtheGuru"]
[Black "santiagoelawad"]
[Result "1-0"]
[WhiteElo "1944"]
[BlackElo "2087"]
[Opening "Caro-Kann: anti-anti-Caro-Kann defense"]
[ECO "A11"]
[Time "19:00:54"]
[TimeControl "2700+45"]

1. c4 c6 2. e4 d5 3. exd5 cxd5 4. cxd5 Nf6 5. Nc3 g6 6. Bc4 Bg7 7. Nf3 O-O 8.
O-O Na6 9. Re1 Nc7 10. Qb3 a6 11. a4 b5 12. Bf1 bxa4 13. Qxa4 Ncxd5 14. Bc4 Bb7
15. Ne5 Qc7 16. d4 e6 17. Bg5 Nxc3 18. bxc3 Nd5 19. Bd2 Nb6 20. Qa5 Rfc8 21. Ba2
Bd5 22. Bxd5 Nxd5 23. Qxc7 Rxc7 24. Ra3 Bxe5 25. Rxe5 a5 26. Re1 a4 27. f3 Kf8
28. Kf2 Rc4 29. Ke2 Rac8 30. Kd3 Ke7 31. Rea1 Nb6 32. Rb1 R8c6 33. Rxb6 Rxc3+
34. Bxc3 Rxb6 35. Rxa4 h5 36. Ra2 Rb1 37. Ra7+ Ke8 38. Ke2 Rc1 39. Bd2 Rc2 40.
Kd3 Rb2 41. h4 Rb3+ 42. Ke4 Rb2 43. Bg5 Rb5 44. g4 hxg4 45. fxg4 Rd5 46. Ra8+
Kd7 47. Rd8+ Kc6 48. Rxd5 exd5+ 49. Ke5 {Black resigns} 1-0

[Event "Team 45 45 League T65"]
[Site "Internet Chess Club"]
[Date "2015.07.05"]
[Round "5"]
[White "primerpaso"]
[Black "jjimalo"]
[Result "1/2-1/2"]
[WhiteElo "1851"]
[BlackElo "1869"]
[Opening "English opening"]
[ECO "A17"]
[Time "12:02:35"]
[TimeControl "2700+45"]

1. c4 Nf6 2. Nc3 e6 3. g3 d5 4. cxd5 exd5 5. d4 c6 6. Bg2 Bd6 7. Nf3 O-O 8. O-O
Re8 9. Bg5 Nbd7 10. Rc1 h6 11. Bf4 Bxf4 12. gxf4 Ne4 13. Nxe4 dxe4 14. Ne5 Nxe5
15. dxe5 Qh4 16. e3 Bh3 17. f3 Bxg2 18. Kxg2 Rad8 19. Qe2 exf3+ 20. Qxf3 Rd2+
21. Rf2 Red8 22. Rc2 Rxc2 23. Rxc2 Qe1 24. Qe2 Qb4 25. Kf2 Qe4 26. Rd2 Rd5 27.
Qd1 Rxd2+ 28. Qxd2 Qh1 29. Kg3 Qg1+ 30. Kf3 Qh1+ 31. Kg3 {Game drawn by mutual
agreement} 1/2-1/2

[Event "Team 45 45 League T65"]
[Site "Internet Chess Club"]
[Date "2015.07.04"]
[Round "5"]
[White "elmaestro"]
[Black "frank001"]
[Result "0-1"]
[WhiteElo "1797"]
[BlackElo "1818"]
[Opening "Dutch"]
[ECO "A80"]
[Time "23:02:02"]
[TimeControl "2700+45"]

1. d4 f5 2. e3 Nf6 3. Bd3 g6 4. f4 Bg7 5. Nd2 O-O 6. c3 b6 7. Ngf3 Bb7 8. Qe2 e6
9. h4 h5 10. Ng5 Nc6 11. Ndf3 Ne7 12. b3 a5 13. Ba3 Re8 14. Bxe7 Rxe7 15. Ne5
Qe8 16. O-O-O d6 17. Nef3 a4 18. b4 a3 19. Bc4 Nd5 20. Bxd5 exd5 21. Rhe1 Ba6
22. Qf2 Bc4 23. Rd2 c5 24. Rc2 cxb4 25. cxb4 Qb5 26. Qd2 Ra4 27. Qc3 Rea7 28.
Nd2 Rxb4 29. Nxc4 dxc4 30. e4 Re7 31. Qxa3 Bxd4 32. Qa8+ Kg7 33. Qa3 c3 34. Rxc3
Bc5 35. Qa8 Rb1+ 36. Kd2 Rb2+ 37. Rc2 Bb4+ 38. Kc1 Rxc2+ 39. Kxc2 Qc4+ 40. Kb1
Bxe1 41. Qd8 Qd3+ 42. Kc1 Bd2+ 43. Kb2 Bc3+ 44. Kc1 Qd2+ 45. Kb1 Qb2# {White
checkmated} 0-1

[Event "Team 45 45 League T65"]
[Site "Internet Chess Club"]
[Date "2015.07.03"]
[Round "5"]
[White "Portola"]
[Black "pishd"]
[Result "1/2-1/2"]
[WhiteElo "1799"]
[BlackElo "1787"]
[Opening "Queen's pawn game"]
[ECO "A45"]
[Time "13:04:37"]
[TimeControl "2700+45"]

1. d4 Nf6 2. c3 b6 3. Nf3 e6 4. Bg5 Ba6 5. Nbd2 Be7 6. e3 Bxf1 7. Nxf1 h6 8. Bf4
d6 9. N1d2 Nh5 10. Bg3 Nxg3 11. hxg3 Qd7 12. Qe2 Qa4 13. e4 Qa6 14. Qxa6 Nxa6
15. e5 c5 16. exd6 Bxd6 17. Nc4 Be7 18. O-O O-O 19. Nce5 cxd4 20. Nxd4 Nc5 21.
Rfd1 Bf6 22. Ndc6 Bxe5 23. Nxe5 Rac8 24. Rd4 f6 25. Ng6 Rf7 26. Rad1 Kh7 27. Nh4
Rcc7 28. Nf3 e5 29. Rd5 Rfd7 30. Kf1 Rxd5 31. Rxd5 Rd7 32. Rxd7 Nxd7 33. b4 Kg8
34. Nh4 Kf7 35. Nf5 h5 36. f3 g6 37. Ne3 Ke6 {Game drawn by mutual agreement}
1/2-1/2

[Event "Team 45 45 League T65"]
[Site "Internet Chess Club"]
[Date "2015.07.04"]
[Round "5"]
[White "SlimeDog2"]
[Black "TerryMalloy"]
[Result "0-1"]
[WhiteElo "2028"]
[BlackElo "2063"]
[Opening "Benkö gambit: fianchetto variation"]
[ECO "A58"]
[Time "15:06:22"]
[TimeControl "2700+45"]

1. d4 Nf6 2. c4 c5 3. d5 b5 4. cxb5 a6 5. bxa6 g6 6. Nc3 Bxa6 7. Nf3 d6 8. g3
Bg7 9. Bg2 Nbd7 10. Rb1 Nb6 11. b3 Bc8 12. Qc2 Nfxd5 13. Nxd5 Nxd5 14. a3 Nc3
{White resigns} 0-1

[Event "Team 45 45 League T65"]
[Site "Internet Chess Club"]
[Date "2015.07.01"]
[Round "5"]
[White "Gojira"]
[Black "sharky123"]
[Result "0-1"]
[WhiteElo "1684"]
[BlackElo "1817"]
[Opening "Queen's bishop game"]
[ECO "D02"]
[Time "20:35:07"]
[TimeControl "2700+45"]

1. d4 d5 2. Nf3 Nf6 3. Bf4 c5 4. e3 Nc6 5. c3 Qb6 6. Qb3 c4 7. Qxb6 axb6 8. Na3
Bf5 9. Nb5 Ra5 10. Na3 e6 11. Ne5 Nxe5 12. dxe5 Nh5 13. g4 Bxg4 14. Nc2 Nxf4 15.
exf4 Bf5 16. Nd4 Bg6 17. Be2 Bc5 18. Nb5 Rxb5 19. b4 Bxb4 {White resigns} 0-1

[Event "Team 45 45 League T65"]
[Site "Internet Chess Club"]
[Date "2015.07.07"]
[Round "5"]
[White "Holzschlange"]
[Black "CaptK"]
[Result "1/2-1/2"]
[WhiteElo "1830"]
[BlackElo "1946"]
[Opening "Réti: King's Indian attack"]
[ECO "A05"]
[Time "15:30:26"]
[TimeControl "2700+45"]

1. Nf3 Nf6 2. g3 g6 3. Bg2 Bg7 4. c4 d6 5. Nc3 O-O 6. O-O e5 7. d3 c5 8. Bg5 h6
9. Bxf6 Bxf6 10. Nd5 Bg7 11. Rb1 Be6 12. Ne1 Nc6 13. Nc2 Qd7 14. b4 cxb4 15.
Ncxb4 f5 16. e3 g5 17. Re1 f4 18. exf4 gxf4 19. Nxf4 exf4 20. Rxe6 f3 21. Bh3 h5
22. Qf1 {Game drawn by mutual agreement} 1/2-1/2

[Event "Team 45 45 League T65"]
[Site "Internet Chess Club"]
[Date "2015.07.12"]
[Round "5"]
[White "losscause"]
[Black "Konstantinos"]
[Result "0-1"]
[WhiteElo "1609"]
[BlackElo "1667"]
[Opening "Richter-Veresov attack"]
[ECO "D01"]
[Time "15:17:08"]
[TimeControl "2700+45"]

1. d4 d5 2. Nc3 Nf6 3. Bg5 e6 4. Nf3 Be7 5. Bxf6 Bxf6 6. e4 dxe4 7. Nxe4 Be7 8.
Bb5+ Nd7 9. O-O O-O 10. c4 a6 11. Ba4 Nf6 12. Nc3 c6 13. Qe2 b5 14. cxb5 cxb5
15. Bc2 Bb7 16. Rad1 Nd5 17. Nxd5 Qxd5 18. Rfe1 Qxa2 19. Be4 Bxe4 20. Qxe4 Bf6
21. d5 exd5 {White resigns} 0-1

[Event "Team 45 45 League T65"]
[Site "Internet Chess Club"]
[Date "2015.07.04"]
[Round "5"]
[White "NAS"]
[Black "ANGELLR"]
[Result "1/2-1/2"]
[WhiteElo "1746"]
[BlackElo "1960"]
[Opening "French: exchange variation"]
[ECO "C01"]
[Time "21:30:49"]
[TimeControl "2700+45"]

1. e4 e6 2. d4 d5 3. exd5 exd5 4. Nf3 Bd6 5. Be3 Nc6 6. Be2 Nge7 7. O-O Bg4 8.
Nbd2 Qd7 9. c4 dxc4 10. Nxc4 O-O 11. Nxd6 Qxd6 12. Qd2 Nd5 13. Rad1 Rfe8 14. Ne1
Bxe2 15. Qxe2 Re6 16. Nc2 Rae8 17. Qf3 Rg6 18. Bc1 Ree6 19. Rfe1 Rgf6 20. Qb3 b6
21. h3 h6 22. Ne3 Nce7 23. Qa4 a5 24. Ng4 Rf5 25. Ne5 c6 26. Qc2 Rff6 27. Ng4
Rxe1+ 28. Rxe1 Re6 29. Rxe6 Qxe6 30. a3 Qe1+ 31. Kh2 Qe6 32. Ne5 f6 33. Nf3 Qf5
34. Qxf5 Nxf5 35. g4 Nd6 36. Nd2 Kf7 37. Kg3 f5 38. f3 g5 39. Kf2 Nf4 40. Nb3
Nd5 41. Ke2 Ke6 42. Kd3 a4 43. Na1 b5 44. b3 f4 45. bxa4 bxa4 46. Nc2 Nb6 47.
Nb4 Kd7 48. Na6 Ke6 49. Nb4 Kd7 50. Na6 Ne8 51. Nc5+ Ke7 52. Bd2 Nc7 53. Ba5
Ncd5 54. Bxb6 Nxb6 55. Ke4 Kf6 56. Kd3 Kf7 57. Ke4 Nc4 58. Nxa4 Nxa3 59. Nc5 Nc4
60. Kd3 Nd6 61. Kc3 Ke7 62. Kb4 Ne8 63. Kc4 Nc7 64. Ne4 Nd5 65. Nc3 Ne3+ 66. Kc5
Kd7 67. Ne4 Ng2 68. d5 cxd5 69. Kxd5 Ne1 70. Nd2 Ke7 71. Ke5 Kf7 72. Kf5 Kg7 73.
Ke6 Kg6 74. Ke5 Nd3+ 75. Kd4 Nf2 76. Nc4 Nxh3 77. Ne5+ Kg7 78. Kd5 Ng1 79. Ke6
Ne2 80. Nc6 Ng1 81. Ne5 Ne2 82. Kd5 Nc3+ 83. Ke6 Nb5 84. Kd5 Nc7+ 85. Kd6 Ne8+
86. Ke7 Nf6 87. Ke6 Ng8 88. Kf5 Ne7+ 89. Ke6 Ng6 90. Nd3 Nh4 91. Ne5 Ng2 92. Kf5
Ne3+ 93. Ke6 Nc2 94. Nc6 Ne3 95. Ne5 Nc2 96. Kd5 Kf6 97. Nd7+ Ke7 98. Nc5 Ne3+
99. Ke5 Nc4+ 100. Kf5 Nd2 101. Kg6 Nxf3 102. Kxh6 Kf6 103. Ne4+ Ke5 104. Nf2 Kd4
105. Kg6 Ke3 106. Nh3 Ke2 107. Kf5 Kf1 108. Nxf4 Nh2 109. Kxg5 Nxg4 {Game drawn
because neither player has mating material} 1/2-1/2

[Event "Team 45 45 League T65"]
[Site "Internet Chess Club"]
[Date "2015.07.05"]
[Round "5"]
[White "isolani"]
[Black "LooneyBinJim"]
[Result "0-1"]
[WhiteElo "1573"]
[BlackElo "1889"]
[Opening "QGD semi-Slav: Chigorin defense"]
[ECO "D11"]
[Time "17:00:29"]
[TimeControl "2700+45"]

1. d4 d5 2. Nf3 Nf6 3. c4 c6 4. e3 e6 5. Bd3 Bd6 6. Nc3 Nbd7 7. Bd2 O-O 8. O-O
e5 9. dxe5 Nxe5 10. Nxe5 Bxe5 11. cxd5 Bxh2+ 12. Kxh2 Ng4+ 13. Kg3 Ne5 14. Bxh7+
Kxh7 15. Qh5+ Kg8 16. Qxe5 Re8 17. Qh5 Qf6 18. Rh1 Kf8 19. Ne4 Rxe4 20. Qh8+ Ke7
21. d6+ Qxd6+ 22. Kf3 Bg4+ {White resigns} 0-1

[Event "Team 45 45 League T65"]
[Site "Internet Chess Club"]
[Date "2015.07.05"]
[Round "5"]
[White "timothysmall56"]
[Black "pcvan"]
[Result "0-1"]
[WhiteElo "1731"]
[BlackElo "1587"]
[Opening "Sicilian: Najdorf"]
[ECO "B90"]
[Time "16:13:24"]
[TimeControl "2700+45"]

1. e4 c5 2. Nf3 d6 3. d4 cxd4 4. Nxd4 Nf6 5. Nc3 a6 6. Bd3 e5 7. Nb3 Be6 8. O-O
Be7 9. Bg5 Nbd7 10. Qe2 O-O 11. Bd2 Rc8 12. Rad1 Nb6 13. Rfe1 Nc4 14. Bc1 b5 15.
Nd2 Qb6 16. h3 Rc6 17. Bxc4 Bxc4 18. Nxc4 Rxc4 19. Nd5 Nxd5 20. Rxd5 Rfc8 21.
Rd2 Bg5 22. Rdd1 Rxc2 23. Qf1 Bh4 24. Be3 Qa5 25. Rxd6 Rxb2 26. g3 Be7 27. Rd5
f6 28. Red1 Qxa2 29. Qd3 Rbc2 30. Rd7 R2c7 31. Qd5+ Qxd5 32. R1xd5 Rxd7 33. Rxd7
Bc5 34. Bd2 Bb6 35. Rb7 Bd4 36. Kf1 Rc2 37. Rb8+ Kf7 38. Rb7+ Kg6 39. Ke1 Bxf2+
40. Kxf2 Rxd2+ 41. Ke3 Ra2 42. Rb6 h5 43. h4 Ra3+ 44. Kf2 Kh7 45. Rb7 Rd3 46.
Rb6 Rd4 47. Ke3 Ra4 48. Kf3 b4 49. Ke2 Ra2+ 50. Kd1 a5 51. Rb5 Ra3 52. Kc2 Rxg3
53. Rxa5 b3+ 54. Kb2 Kh6 55. Ra4 g5 56. hxg5+ Kxg5 57. Ra8 h4 58. Rg8+ Kf4 59.
Rh8 h3 60. Rh4+ Kf3 61. Kxb3 Kg2+ 62. Kc2 h2 {White resigns} 0-1

[Event "Team 45 45 League T65"]
[Site "Internet Chess Club"]
[Date "2015.06.30"]
[Round "5"]
[White "ElMarginal"]
[Black "QuieroAprender"]
[Result "1-0"]
[WhiteElo "1643"]
[BlackElo "1594"]
[Opening "Dunst (Sleipner, Heinrichsen) opening"]
[ECO "D00"]
[Time "23:30:16"]
[TimeControl "2700+45"]

1. Nc3 Nf6 2. d4 d5 3. Bf4 e6 4. Nb5 Bd6 5. Nxd6+ cxd6 6. Nf3 e5 7. dxe5 dxe5 8.
Nxe5 O-O 9. e3 Nc6 10. Nxc6 bxc6 11. Bd3 Bg4 12. f3 Be6 13. O-O h6 14. e4 g5 15.
Bg3 dxe4 16. fxe4 Qb6+ 17. Kh1 Ng4 18. Qe2 h5 19. b3 Qd4 20. h3 h4 21. Bf2 Nxf2+
22. Qxf2 Qxf2 23. Rxf2 Rfd8 24. Raf1 Rd4 25. Rd2 Rad8 26. Rfd1 c5 27. c3 R4d7
28. e5 c4 29. bxc4 Bxc4 30. Bxc4 Rxd2 31. Rf1 Rc8 32. Bxf7+ Kg7 33. e6 Rxc3 34.
e7 Re3 35. e8=Q Rxe8 36. Bxe8 Rxa2 37. Rf7+ Kg8 38. Rf5 a5 39. Rxg5+ Kf8 40. Bb5
a4 41. Rg4 Ra1+ 42. Kh2 a3 43. Rxh4 a2 44. Kg3 Re1 45. Rf4+ Ke7 46. Ra4 a1=Q 47.
Rxa1 Rxa1 48. h4 Ra3+ 49. Kg4 Kf6 50. g3 Kg6 51. Be8+ Kh6 52. h5 Rc3 53. Bf7 Ra3
54. Kh4 Ra4+ 55. g4 Rf4 56. Be6 Re4 57. Bf5 Rf4 58. Kg3 Rxf5 59. gxf5 Kxh5 60.
Kf4 Kh6 61. Ke5 Kg7 62. Ke6 Kf8 63. Kf6 {Black resigns} 1-0

[Event "Team 45 45 League T65"]
[Site "Internet Chess Club"]
[Date "2015.07.05"]
[Round "5"]
[White "LittleButton"]
[Black "willhelm"]
[Result "1-0"]
[WhiteElo "1880"]
[BlackElo "1904"]
[Opening "Queen's pawn game"]
[ECO "A46"]
[Time "06:00:33"]
[TimeControl "2700+45"]

1. d4 Nf6 2. Nf3 e6 3. c3 c5 4. Bg5 h6 5. Bh4 Nc6 6. e3 b6 7. Nbd2 d6 8. Bb5 Bd7
9. O-O Be7 10. Bg3 Nh5 11. Ne4 Nxg3 12. Nxg3 O-O 13. d5 Ne5 14. a4 a6 15. Bxd7
Nxd7 16. dxe6 fxe6 17. e4 Qc7 18. Qe2 c4 19. Nd4 Qc8 20. Nxe6 Rf6 21. Nd4 g6 22.
f4 Qc7 23. Rf3 Rc8 24. Nf1 {Black resigns} 1-0

[Event "Team 45 45 League T65"]
[Site "Internet Chess Club"]
[Date "2015.07.05"]
[Round "5"]
[White "keshavp"]
[Black "LazyPeon"]
[Result "1/2-1/2"]
[WhiteElo "1807"]
[BlackElo "1714"]
[Opening "Bird's opening: Lasker variation"]
[ECO "A03"]
[Time "12:30:39"]
[TimeControl "2700+45"]

1. f4 d5 2. Nf3 Nf6 3. e3 c5 4. Be2 Nc6 5. c3 e6 6. d4 Be7 7. O-O O-O 8. Ne5 Qc7
9. a3 Rb8 10. Nd2 b5 11. Nxc6 Qxc6 12. Nf3 Ne4 13. Ne5 Qb6 14. Bf3 f6 15. Bxe4
fxe5 16. Bxh7+ Kxh7 17. Qh5+ Kg8 18. g4 exf4 19. g5 Bxg5 20. Qxg5 Rf5 21. Qe7
Rf7 22. Qxc5 Qxc5 23. dxc5 e5 24. exf4 e4 25. Be3 Bg4 26. Rf2 Bf3 27. Rd2 Rd8
28. Kf2 Rf6 29. Rg1 Rh6 30. Ke1 Kf7 31. Rg5 Rdh8 32. Rf2 Rxh2 33. c6 Rxf2 34.
Bxf2 Rc8 35. Bxa7 Rxc6 36. Rxd5 Rc7 37. Be3 Rb7 38. Rg5 g6 39. Bd4 Rb8 40. Kd2
Rb7 41. Kc2 Be2 42. Kb3 Bc4+ 43. Kb4 Bd3 44. b3 Re7 45. Be3 Rc7 46. Rc5 Rxc5 47.
Kxc5 Ke6 48. c4 bxc4 49. bxc4 Kd7 50. Kb4 Kc6 51. c5 Ba6 52. Kc3 Kd5 53. a4 Bd3
54. Kb4 Kc6 55. Kc3 Kd5 56. c6 Kxc6 57. Kd4 Kb6 58. Bd2 Bc2 59. a5+ Kb5 {Game
drawn by mutual agreement} 1/2-1/2

[Event "Team 45 45 League T65"]
[Site "Internet Chess Club"]
[Date "2015.07.05"]
[Round "5"]
[White "freakypawn"]
[Black "fkramer"]
[Result "1-0"]
[WhiteElo "1774"]
[BlackElo "1801"]
[Opening "Dutch defense"]
[ECO "A90"]
[Time "15:00:53"]
[TimeControl "2700+45"]

1. d4 e6 2. c4 f5 3. g3 Nf6 4. Bg2 d5 5. Nh3 c6 6. Qc2 Bd6 7. Bf4 O-O 8. Bxd6
Qxd6 9. Nd2 Ne4 10. Nxe4 fxe4 11. O-O Nd7 12. e3 Nf6 13. a3 Bd7 14. Rac1 Rac8
15. c5 Qe7 16. Nf4 e5 17. dxe5 Qxe5 18. b4 Bf5 19. a4 Rfd8 20. h4 Kh8 21. Ne2
Bg6 22. Nd4 Rf8 23. Bh3 Rce8 24. b5 cxb5 25. axb5 Nh5 26. Kh2 Qf6 27. Qa2 a6 28.
bxa6 bxa6 29. Qxd5 Bf7 30. Qd6 Qxd6 31. cxd6 Rd8 32. d7 Nf6 33. Rc8 Kg8 34. Nc6
Rxd7 35. Bxd7 Nxd7 36. Ne7+ Kh8 37. Rxf8+ Nxf8 38. Rc1 g6 39. Rc6 Nd7 40. Rxa6
Nc5 41. Rc6 Nd3 42. Kg2 Ne1+ 43. Kf1 Nf3 44. Nc8 Bd5 45. Rc7 Nd2+ 46. Ke2 Nf3
47. Nd6 Ng1+ 48. Kf1 Nf3 49. Ne8 Bc4+ 50. Kg2 Nd2 51. Nf6 Bg8 52. Rc8 Kg7 53.
Nxg8 Nf3 54. Ne7 Kf6 55. Rf8+ Kxe7 56. Rxf3 exf3+ 57. Kxf3 Ke6 58. Ke4 h6 59. g4
Kd6 60. h5 gxh5 61. gxh5 Ke6 62. Kf4 Kf6 63. e4 Ke6 64. e5 Kf7 65. Kf5 Ke7 66.
Kg6 Ke6 67. Kxh6 Kf7 68. Kg5 Kg7 69. e6 Kh7 70. e7 Kg7 71. e8=Q Kh7 72. Qd7+ Kh8
73. h6 {Black resigns} 1-0

[Event "Team 45 45 League T65"]
[Site "Internet Chess Club"]
[Date "2015.07.01"]
[Round "5"]
[White "OzymandiasVII"]
[Black "OperaDude94"]
[Result "1-0"]
[WhiteElo "1753"]
[BlackElo "1827"]
[Opening "Queen's pawn game, Darooha variation "]
[ECO "D02"]
[Time "20:06:50"]
[TimeControl "2700+45"]

1. d4 Nf6 2. Nf3 d5 3. c3 c6 4. Bg5 Ne4 5. Bf4 Qb6 6. Qb3 Bf5 7. Nbd2 e6 8. e3
Be7 9. Qxb6 axb6 10. Nxe4 Bxe4 11. Nd2 Bg6 12. h4 h6 13. g4 Nd7 14. a3 b5 15.
Be2 b4 16. cxb4 Bxb4 17. Rc1 Be7 18. h5 Bh7 19. f3 Bf6 20. Bd6 e5 21. Nb3 exd4
22. Nxd4 Ra4 23. b3 Ra8 24. a4 Be7 25. Bf4 Bb4+ 26. Kf2 Ke7 27. g5 hxg5 28.
Bxg5+ f6 29. Bf4 Ne5 30. Rhg1 Kf7 31. h6 Rhg8 32. e4 gxh6 33. exd5 cxd5 34. Rc7+
Be7 35. Rgc1 Nd3+ 36. Bxd3 Bxd3 37. Re1 Rge8 38. Bd6 {Black resigns} 1-0